 Dungeon Crawl Stone Soup version 0.15.2 (webtiles) character file.

284 Heini the Covered (level 6, 0/56 HPs)
             Began as a Minotaur Fighter on Feb 3, 2015.
             Slain by kroki's ghost (7 damage)
             ... on Level 4 of the Dungeon.
             The game lasted 00:07:00 (2344 turns).

Heini the Covered (Minotaur Fighter)                Turns: 2344, Time: 00:07:01

HP   0/56        AC 10     Str 27      XL: 6   Next:  7%
MP   0/3         EV  7     Int  5      God:
Gold 105         SH 10     Dex 10      Spells:  0 memorised,  5 levels left

rFire  . . .     SeeInvis .     a - +1 flail
rCold  + . .     Clarity  .     b - +0 scale mail
rNeg   . . .     rCorr    .     c - +0 shield
rPois  .         rRot     .     (helmet restricted)
rElec  .         Spirit   +     (no cloak)
SustAb +         Warding  .     h - +0 pair of gloves
rMut   .         Stasis   .     p - +0 pair of boots
Gourm  .                        t - amulet of guardian spirit
MR     .....                    s - ring of protection from cold
                                g - ring of sustain abilities

@: mighty, drained, not resistant to hostile enchantments, extremely unstealthy
A: retaliatory headbutt, horns 2
a: no special abilities


You were on level 4 of the Dungeon.
You were not hungry.

You visited 1 branch of the dungeon, and saw 4 of its levels.

You collected 105 gold pieces.

Inventory:

Hand weapons
 a - a +1 flail (weapon)
Armour
 b - a +0 scale mail (worn)
 c - a +0 shield (worn)
 h - a +0 pair of gloves (worn)
 p - a +0 pair of boots (worn)
Magical devices
 u - a wand of confusion (0)
 w - a wand of fire (5) {unknown}
Comestibles
 d - 3 bread rations
 f - 6 meat rations
 z - 3 chunks of orc flesh
Scrolls
 o - a scroll of teleportation
 q - a scroll of enchant weapon
Jewellery
 g - a ring of sustain abilities (left hand)
 i - a +4 ring of strength {unknown}
 s - a ring of protection from cold (right hand)
 t - an amulet of guardian spirit (around neck)
Potions
 e - a potion of might
 j - a potion of curing {unknown}
 k - a potion of cancellation {unknown}
 l - a potion of resistance {unknown}
 m - a potion of restore abilities {unknown}
 n - a potion of invisibility {unknown}
 r - 2 potions of brilliance
 x - a potion of poison {unknown}


   Skills:
 * Level 5.4(5.2) Fighting
 * Level 4.5(4.2) Maces & Flails
 * Level 5.9(5.6) Armour
 - Level 3.6(3.3) Shields


You had 5 spell levels left.
You didn't know any spells.

Dungeon Overview and Level Annotations

Branches:
Dungeon (4/15)
 Temple: D:4-7

Altars:
Dithmenos

Annotations:
D:4 kroki's ghost, average MiCK


Innate Abilities, Weirdness & Mutations

You reflexively headbutt those who attack you in melee.
You have a pair of horns on your head.


Message History

Kroki's ghost is almost destroyed.
You block kroki's ghost's attack.
You hit kroki's ghost but do no damage.
You headbutt kroki's ghost, but do no damage.
Kroki's ghost is almost destroyed.
Kroki's ghost hits you. Kroki's ghost burns you.
You completely miss kroki's ghost. Your headbutt misses kroki's ghost.
Kroki's ghost is almost destroyed.
Kroki's ghost hits you!
* * * LOW HITPOINT WARNING * * *
Kroki's ghost burns you.
* * * LOW HITPOINT WARNING * * *
Kroki's ghost hits you.
* * * LOW HITPOINT WARNING * * *
You feel drained.
* * * LOW HITPOINT WARNING * * *
You completely miss kroki's ghost.
Kroki's ghost is severely damaged.
Kroki's ghost hits you!
You die...

#.###.######.# #.#
#.#......### #.#
#.#.######.. #.#
###.#....##. #.#
#.#.##.##.
#.#####.#..#.##.
#.....#.##?#.##.
...########.#####....#.#..
........W@......######.#..
...########.#####......#..
#... #.######.. #.###
#.#....#.. #.# #.#.##.#..
#.# #.#..#.#.# #.#
#.##.#.#.# ..# #....#.#.#
# ######.#.#


You could see kroki's ghost.

Vanquished Creatures
  2 orc wizards
  A worker ant (D:4)
  Ijyb (D:3)
  6 adders
  An inept item mimic (D:3)
  A worm (D:2)
  2 giant geckos
  An ooze (D:1)
  12 orcs
  7 bats
  3 giant cockroaches
  23 goblins
  7 hobgoblins
  16 jackals
  2 quokkas
  3 giant newts
  9 kobolds
  5 rats
  A rat skeleton (D:3)
103 creatures vanquished.

Notes
Turn   | Place    | Note
--------------------------------------------------------------
     0 | D:1      | Heini, the Minotaur Fighter, began the quest for the Orb.
     0 | D:1      | Reached XP level 1. HP: 19/19 MP: 1/1
    86 | D:1      | Reached skill level 4 in Armour
    92 | D:1      | Reached XP level 2. HP: 16/27 MP: 1/1
   412 | D:1      | Reached XP level 3. HP: 30/33 MP: 2/2
   730 | D:2      | Found a shadowy altar of Dithmenos.
   804 | D:2      | Reached XP level 4. HP: 36/41 MP: 2/2
   822 | D:2      | Reached skill level 5 in Armour
  1256 | D:3      | Reached XP level 5. HP: 47/47 MP: 2/2
  1295 | D:3      | Noticed Ijyb
  1304 | D:3      | Reached skill level 5 in Fighting
  1337 | D:3      | Killed Ijyb
  2318 | D:4      | Reached XP level 6. HP: 51/56 MP: 3/3
  2330 | D:4      | Noticed kroki's ghost (average MiCK)
  2344 | D:4      | Slain by kroki's ghost

Action                   |  1- 3 |  4- 6 || total
-------------------------+-------+-------++-------
Melee: Flail             |    93 |   167 ||   260
  Use: Scroll            |       |     7 ||     7
       Potion            |       |     1 ||     1
  Eat: Chunk             |       |     5 ||     5
